 Dungeon Crawl Stone Soup version 0.30-a0-808-g6e0788376e (webtiles) character file.

Game seed: 6181316905828227298

1690 demibob the Spear-Bearer (level 9, -5/61 HPs)
             Began as a Merfolk Gladiator on Feb 26, 2023.
             Was an Initiate of Gozag.
             Killed from afar by a steam dragon (19 damage)
             ... with a ball of steam
             ... on level 6 of the Dungeon.
             The game lasted 00:06:26 (4823 turns).

demibob the Spear-Bearer (Merfolk Gladiator)        Turns: 4823, Time: 00:06:27

Health: -5/61      AC:  5    Str: 16    XL:     9   Next: 2%
Magic:  9/9        EV: 13    Int:  7    God:    Gozag
Gold:   368        SH:  0    Dex: 18    Spells: 8/8 levels left

rFire   . . .      SeeInvis .    a - +0 halberd (vamp)
rCold   . . .      Faith    .    (shield currently unavailable)
rNeg    . . .      Spirit   .    b - +0 leather armour
rPois   .          Reflect  .    c - +1 helmet
rElec   .          Harm     .    (no cloak)
rCorr   .          Rampage  .    (no gloves)
Will    .....                    (no boots)
Stlth   +                        (no amulet)
HPRegen 0.30/turn                L - ring of flight
MPRegen 0.11/turn                (no ring)

@: gold aura, flying
A: (nimble swimmer 2), mertail
a: Renounce Religion, Potion Petition, Call Merchant, Bribe Branch


You were on level 6 of the Dungeon.
You worshipped Gozag.
Gozag was aware of your devotion.
You visited 2 branches of the dungeon, and saw 7 of its levels.

You collected 485 gold pieces.
You paid 117 gold pieces to Gozag.


Innate Abilities, Weirdness & Mutations

((You are very nimble when in or above water. (Stealth+, EV+, Speed+++)))
Your lower body shifts to a powerful aquatic tail in water.


   Skills:
 - Level 2.1 Fighting
 + Level 14.8 Polearms
 - Level 2.0 Throwing
 - Level 4.0 Dodging


You had 8 spell levels left.
You didn't know any spells.
Your spell library contained the following spells:

 Spells                   Type           Power      Damage    Failure   Level
 Kiss of Death            Conj/Necr      0%         2d5       50%         1
 Magic Dart               Conj           0%         1d3       50%         1
 Slow                     Hex            0%         N/A       50%         1
 Call Imp                 Summ           0%         N/A       65%         2
 Call Canine Familiar     Summ           0%         N/A       86%         3
 Confusing Touch          Hex            0%         N/A       86%         3
 Inner Flame              Hex/Fire       0%         N/A       86%         3
 Mephitic Cloud           Conj/Pois/Air  0%         N/A       86%         3
 Portal Projectile        Hex/Tloc       0%         N/A       86%         3
 Vampiric Draining        Necr           0%         2d6       86%         3
 Dispel Undead            Necr           0%         3d6       99%         4
 Flame Wave               Conj/Fire      0%         2d4       99%         4
 Leda's Liquefaction      Hex/Erth       0%         N/A       99%         4
 Sticky Flame             Conj/Fire      0%         2d3       99%         4

Inventory:

Hand Weapons
 a - a +0 vampiric halberd (weapon)
 l - a +0 scythe of flaming
 q - a +0 trident
Missiles
 d - 3 throwing nets (quivered) {=f}
 e - a javelin
Armour
 b - a +0 leather armour (worn)
 c - a +1 helmet (worn)
Jewellery
 L - a ring of flight (left hand)
Wands
 k - a wand of flame (25)
 p - a wand of paralysis (6)
Scrolls
 t - 2 scrolls of identify {@r1}
Potions
 f - 2 potions of magic
 g - a potion of resistance {unknown}
 i - a potion of might {unknown}
 j - a potion of curing {@q1}
 m - a potion of lignification {unknown}
 n - a potion of haste {unknown}
 o - a potion of mutation {unknown}
 s - a potion of brilliance {unknown}

Dungeon Overview and Level Annotations

Branches:
Dungeon (6/15)             Temple (1/1) D:5

Altars:
Ashenzari
Cheibriados
Dithmenos
Elyvilon
Fedhas
Gozag
Hepliaklqana
Kikubaaqudgha
Makhleb
Nemelex Xobeh
Okawaru
Qazlal
Ru
Sif Muna
Trog
Uskayaw
Vehumet
Wu Jian
Xom
Yredelemnul
Zin
The Shining One

Shops:
D:4 ([?

Annotations:
Temple 2 transporters

$ ##...## #.##.....
###....D####.##..#.
.........$$$.....###
.#.##..#..#$####....
##$#.##.# ....
##.###...##5#
#........$$§#
.........§§D###.#
.......§§..@...!# $
.............#..#
...........§.# .#
...........§.# ..
.............# .#
............## .
.......## ..)....


You could see a steam dragon (catching breath).


Message History

You feel stronger. x2
You hit the steam dragon but do no damage.
You hit the steam dragon.
You feel better.
The steam dragon is lightly wounded.
The steam dragon breathes steam at you. The ball of steam misses you.
You hear an angry hiss.
The steam dragon attacks as you move away!
The steam dragon bites you.
* * * LOW HITPOINT WARNING * * *
The steam dragon claws you but does no damage.
You puncture the steam dragon!
The steam dragon is heavily wounded.
The steam dragon breathes steam at you. The ball of steam misses you.
The steam dragon attacks as you move away!
The steam dragon bites you but does no damage.
The steam dragon claws you.
* * * LOW HITPOINT WARNING * * *
Found a war axe.
You are engulfed in a cloud of scalding steam.
* * * LOW HITPOINT WARNING * * *
You slash the steam dragon!
You feel better.
The steam dragon is severely wounded.
You are engulfed in a cloud of scalding steam.
* * * LOW HITPOINT WARNING * * *
The steam dragon breathes steam at you. The ball of steam hits you!!
You die...
Your body crumbles into a pile of gold.

Skill      XL: |  1  2  3  4  5  6  7  8 |
---------------+-------------------------+-----
Polearms       | 5 6 7 9 10 11 14 | 14.8
Fighting       | |  2.1
Throwing       | |  2.0
Dodging        | |  4.0

Action                     |  1- 3 |  4- 6 |  7- 9 || total
---------------------------+-------+-------+-------++-------
  Melee: Trident           |   111 |   226 |    70 ||   407
         Punch             |       |     3 |       ||     3
         Halberd           |       |       |   168 ||   168
    Use: Scroll            |     3 |     4 |     5 ||    12
         Potion            |       |       |     5 ||     5
   Stab: Sleeping          |     2 |     4 |     1 ||     7
         Distracted        |     1 |       |     4 ||     5
 Armour: Leather armour    |    38 |    39 |    53 ||   130
  Dodge: Dodged            |    72 |    98 |   131 ||   301

Levels and vault maps discovered:
D:1:      dpeg_arrival_shelter, layout_basic, chequers_serial_rivers_micro_b,
          minmay_misc_feat_rows, nicolae_concentric_dashed_squares_wild
D:2:      minmay_chambers_of_twos, layout_rooms, basic_altar,
          chequers_serial_rivers_room_b, grunt_ministairs_10,
          kennysheep_generic_room_11, uniq_robin
D:3:      layout_basic, minmay_misc_feat_secret_circle, kennysheep_another_room,
          roderic_serpentine_path, chequers_serial_rivers_small_b, uniq_sigmund
D:4:      layout_rooms, demons_altar, mainiacjoe_overflow_big_doors,
          serial_shops, kennysheep_little_box, shop, shop, nrook_mini_vaults
D:5:      layout_gridville, minmay_temple_entry_mini_moons
D:6:      cheibrodos_barr_body, layout_rooms, serial_shops,
          nicolae_stop_n_shop_2, shop_fountains, cheibrodos_sewer_entry_bend
Temple:   hellmonk_temple_divided_pantheon

Notes
Turn   | Place    | Note
-------+----------+-------------------------------------------
     0 | D:1      | demibob the Merfolk Gladiator began the quest for the Orb.
     0 | D:1      | Reached XP level 1. HP: 16/16 MP: 1/1
    74 | D:1      | Reached XP level 2. HP: 17/22 MP: 2/2
   161 | D:1      | Reached skill level 5 in Polearms
   674 | D:1      | Reached XP level 3. HP: 4/27 MP: 3/3
   674 | D:1      | HP: 2/27 [poisoned by an adder]
   899 | D:2      | Found a blossoming altar of Fedhas.
   902 | D:2      | Noticed Robin
   937 | D:2      | Killed Robin
   938 | D:2      | Reached skill level 6 in Polearms
   953 | D:2      | Reached XP level 4. HP: 20/33 MP: 4/4
  1227 | D:2      | Reached skill level 7 in Polearms
  1595 | D:2      | Reached XP level 5. HP: 38/38 MP: 5/5
  1893 | D:3      | Noticed Sigmund
  1913 | D:3      | Killed Sigmund
  1914 | D:3      | Reached skill level 9 in Polearms
  1914 | D:3      | Reached XP level 6. HP: 44/44 MP: 6/6
  2651 | D:4      | Found Molah's Antique Weapon Emporium.
  2822 | D:4      | Found Tihann's Armour Emporium.
  2890 | D:4      | Found a burning altar of Makhleb.
  2916 | D:4      | Reached skill level 10 in Polearms
  2929 | D:4      | Reached XP level 7. HP: 29/50 MP: 7/7
  3281 | D:4      | Found a glowing golden altar of the Shining One.
  3314 | D:4      | Found a bloodstained altar of Trog.
  3367 | D:4      | Reached skill level 11 in Polearms
  3511 | D:4      | Found Ceulus's Magic Scroll Boutique.
  3646 | D:5      | Entered Level 5 of the Dungeon
  3878 | D:5      | Found a staircase to the Ecumenical Temple.
  3891 | Temple   | Entered the Ecumenical Temple
  3891 | Temple   | Found a transporter.
  3891 | Temple   | Found a transporter.
  3893 | Temple   | Found a transporter.
  3893 | Temple   | Found a transporter.
  3915 | Temple   | Became a worshipper of Gozag Ym Sagoz the Greedy
  3956 | D:5      | Reached XP level 8. HP: 55/56 MP: 8/8
  3960 | D:5      | Reached skill level 12 in Polearms
  4698 | D:6      | Reached skill level 13 in Polearms
  4733 | D:6      | Noticed a wraith
  4765 | D:6      | Killed a wraith
  4766 | D:6      | Reached skill level 14 in Polearms
  4818 | D:6      | Reached XP level 9. HP: 17/61 MP: 9/9
  4823 | D:6      | Killed from afar by a steam dragon

Vanquished Creatures
  Sigmund (D:3)
  A wraith (D:6)
  An ice beast (D:5)
  A centaur (D:5)
  A phantom (D:4)
  2 bullfrogs (D:6)
  2 scorpions
  3 howler monkeys (D:6)
  5 hounds
  4 jellies
  An orc priest (D:6)
  3 iron imps (D:4)
  5 iguanas
  Robin (D:2)
  8 adders
  7 gnolls
  A white imp (D:6)
  2 ufetubi
  A worm (D:2)
  3 dart slugs
  12 orcs
  8 bats
  5 endoplasms
  4 giant cockroaches
  14 goblins
  4 hobgoblins
  2 jackals (D:3)
  9 kobolds
  3 quokkas
  4 ball pythons
  4 frilled lizards
  7 rats
129 creatures vanquished.

Vanquished Creatures (others)
  A bat (D:2)
1 creature vanquished.

Grand Total: 130 creatures vanquished

Table legend: (Time is in decaauts)
 A = Elapsed time spent in this place.
 B = Non-inter-level travel time spent in this place.
 C = Inter-level travel time spent in this place.
 D = Time resting spent in this place.
 E = Time spent auto-exploring this place.
 F = Levels seen in this place.
 G = Mean time per level.
                   A        B        C        D        E       F      G
               +--------+--------+--------+--------+--------+-----+--------+
         Total |   4767 |   4569 |    198 |    310 |   3340 |   7 |  681.0 |
       Dungeon |   4724 |   4546 |    178 |    310 |   3335 |   6 |  787.3 |
        Temple |     42 |     23 |     19 |      0 |      5 |   1 |   42.0 |
               +--------+--------+--------+--------+--------+-----+--------+

Top non-repeatable levels by time:
     D:5: 982 daAuts
     D:4: 967 daAuts
     D:2: 959 daAuts
     D:3: 899 daAuts
     D:1: 776 daAuts
     D:6: 138 daAuts
  Temple: 42 daAuts

Table legend:
 A = Non-vault XP
 B = Vault XP
 C = Vault XP percentage of total XP
 D = Non-vault monster count
 E = Vault monster count
 F = Vault count percentage of total count
                 A         B        C        D         E       F
            +---------+---------+-------+---------+---------+-------
      Total |    1450 |     965 |  40.0 |      95 |      35 |  26.9
            +---------+---------+-------+---------+---------+-------
        D:1 |      32 |      15 |  31.9 |      20 |       2 |   9.1
        D:2 |      74 |      52 |  41.3 |      14 |      20 |  58.8
        D:3 |      31 |     223 |  87.8 |      15 |       1 |   6.2
        D:4 |     347 |     118 |  25.4 |      19 |       3 |  13.6
        D:5 |     677 |       0 |   0.0 |      18 |       0 |   0.0
        D:6 |     289 |     557 |  65.8 |       9 |       9 |  50.0
            +---------+---------+-------+---------+---------+-------
